 Dungeon Crawl Stone Soup version 0.29-a0-352-g0917bc69df (webtiles) character file.

Game seed: 16925095401783014545

1772 oldmanjim the Ruffian (level 8, -4/80 HPs)
             Began as a Troll Hedge Wizard on Apr 23, 2022.
             Was an Elder of Qazlal.
             Slain by Pikel
             ... wielding a +2 whip of electrocution
              (8 damage)
             ... on level 6 of the Dungeon.
             The game lasted 00:23:29 (5013 turns).

oldmanjim the Ruffian (Troll Hedge Wizard)          Turns: 5013, Time: 00:23:29

Health: -4/80      AC:  5    Str: 21    XL:     8   Next: 80%
Magic:  10/10      EV:  9    Int: 10    God:    Qazlal [****..]
Gold:   283        SH:  5    Dex:  9    Spells: 10/11 levels left

rFire   . . .      SeeInvis .     - Unarmed
rCold   . . .      Faith    .   (no shield)
rNeg    . . .      Spirit   .   b - +0 robe
rPois   .          Reflect  .   c - +0 hat
rElec   .          Harm     .   D - +0 cloak
rCorr   .          Rampage  .   (gloves unavailable)
Will    .....                   (boots unavailable)
Stlth   +.........              (no amulet)
HPRegen 1.03/turn               (no ring)
MPRegen 0.12/turn               (no ring)

@: repel missiles
A: large, unfitting armour, claws 3, regeneration 1, shaggy fur 1, tough skin 1
a: Renounce Religion, Upheaval, Elemental Force


You were on level 6 of the Dungeon.
You worshipped Qazlal.
Qazlal was greatly pleased with you.
You visited 1 branch of the dungeon, and saw 6 of its levels.

You collected 283 gold pieces.

Inventory:

Hand Weapons
 a - a +0 hunting sling
 q - a +0 dagger
Missiles
 j - 239 stones
 s - 5 curare-tipped darts
 x - a throwing net
 y - 5 boomerangs of dispersal
 A - 12 poisoned darts (quivered)
Armour
 b - a +0 robe (worn)
 c - a +0 hat (worn)
 D - a +0 cloak (worn)
Jewellery
 t - a ring of fire
Wands
 B - a wand of flame (13)
 E - a wand of iceblast (11)
Scrolls
 e - a scroll of enchant armour {unknown}
 h - 5 scrolls of teleportation
 i - a scroll of immolation {unknown}
 k - 2 scrolls of amnesia {unknown}
 l - a scroll of vulnerability
 v - 2 scrolls of enchant weapon {unknown}
 w - a scroll of magic mapping {unknown}
 C - a scroll of fear {unknown}
Potions
 d - a potion of magic
 f - a potion of heal wounds
 g - 2 potions of degeneration
 m - 2 potions of invisibility
 n - 4 potions of curing
 o - a potion of ambrosia
 p - 2 potions of flight
 r - a potion of haste {unknown}
 u - 3 potions of lignification {unknown}
 z - a potion of berserk rage {unknown}


   Skills:
 - Level 5.0 Fighting
 - Level 1.5 Dodging
 - Level 1.0 Stealth
 + Level 7.6 Unarmed Combat
 - Level 2.0 Spellcasting
 - Level 0.6 Conjurations
 - Level 0.6 Summonings
 - Level 0.6 Translocations
 - Level 5.0 Invocations


You had 10 spell levels left.
You knew the following spells:

 Your Spells              Type           Power      Damage    Failure   Level
a - Magic Dart            Conj           8%         1d3       24%         1

Your spell library contained the following spells:

 Spells                   Type           Power      Damage    Failure   Level
 Slow                     Hex            4%         N/A       30%         1
 Blink                    Tloc           4%         N/A       36%         2
 Call Imp                 Summ           2%         N/A       36%         2
 Gell's Gravitas          Tloc           2%         N/A       58%         3
 Teleport Other           Tloc           2%         N/A       58%         3
 Conjure Flame            Conj/Fire      1%         6-21      63%         3
 Mephitic Cloud           Conj/Pois/Air  1%         N/A       65%         3
 Leda's Liquefaction      Hex/Erth       0%         N/A       97%         4
 Fireball                 Conj/Fire      0%         3d3       100%        5
 Lee's Rapid Deconstruct  Erth           0%         3d5*      100%        5
 Dispersal                Tloc           1%         N/A       100%        6
 Starburst                Conj/Fire      0%         6d3       100%        6
 Statue Form              Tmut/Erth      0%         N/A       100%        6
 Ignition                 Fire           0%         3d3       100%        8


Dungeon Overview and Level Annotations

Branches:
Dungeon (6/15)             Temple (0/1) D:4

Altars:
Makhleb
Qazlal
Ru
Uskayaw
Wu Jian
Xom
Yredelemnul

Annotations:
D:3 3 runed translucent doors, spaghetti's ghost, amateur DgHu
D:6 Pikel


Innate Abilities, Weirdness & Mutations

You are too large for most types of armour.
You have claws for hands.
Your natural rate of healing is unusually fast.
You are covered in fur. (AC +1)
You have tough skin. (AC +1)


Message History

The lemure is severely wounded.
You scratch the lemure.
The lemure is severely wounded.
The lemure barely misses you. The lemure hits you.
The lemure closely misses you.
You open the door. The lemure hits you. The lemure attacks as you move away!
You block the lemure's attack.
There is an open door here.
There are monsters nearby!
Pikel closely misses you.
You scratch Pikel.
Pikel is lightly wounded.
Pikel hits you with a +2 whip of electrocution.
You are electrocuted!!
You miss Pikel.
Pikel is lightly wounded.
Pikel barely misses you.
You barely miss Pikel.
Pikel is lightly wounded.
You scratch Pikel but do no damage. Your claw misses Pikel.
Pikel is lightly wounded.
Pikel hits you with a +2 whip of electrocution!
You claw Pikel!
Pikel is heavily wounded.
You block Pikel's attack.
You closely miss Pikel.
Pikel is heavily wounded.
Pikel hits you with a +2 whip of electrocution!
You are electrocuted!!
* * * LOW HITPOINT WARNING * * *
Pikel attacks as you move away! You block Pikel's attack.
Pikel attacks as you move away!
Pikel hits you with a +2 whip of electrocution!
* * * LOW HITPOINT WARNING * * *
You are electrocuted!
* * * LOW HITPOINT WARNING * * *
Pikel says, "Hell isn't that bad."
Pikel attacks as you move away!
Pikel hits you with a +2 whip of electrocution!
You die...

#.# ############ # #.#
#..........# #.#####.#
#..........# ##.......#######
#..........## ......>.........
............. ######.†########
#..........## #.........#
#..........#
#.####..#.##################'###
#.......5555K@................
###.###.##################.#.#
#...#'###### #.#.# #.##55.....#
#.#.# #.##...5...# #.#<)
#.##.......# #####.#.#
#.###'###### #.....#.+ #.. ...
#.....### ###..... #.....# #


You could see Pikel and 4 lemures.

Vanquished Creatures
  A wyvern (D:4)
  Menkaure (D:4)
  An ice beast (D:5)
  A black bear (D:6)
  An ogre (D:6)
  A centaur (D:5)
  A phantom (D:3)
  5 scorpions
  3 wights (D:6)
  A crimson imp (D:6)
  4 hounds
  A jelly (D:6)
  An orc priest (D:4)
  4 iguanas
  Terence (D:3)
  Robin (D:3)
  10 gnolls
  3 adders
  An adder zombie (D:3)
  4 worms
  2 dart slugs
  21 orcs
  6 endoplasms
  5 giant cockroaches
  15 goblins
  15 hobgoblins
  6 jackals
  14 kobolds
  5 quokkas
  10 ball pythons
  3 bats
  4 frilled lizards
  A giant cockroach zombie (D:3)
  6 rats
159 creatures vanquished.

Notes
Turn   | Place    | Note
-------+----------+-------------------------------------------
     0 | D:1      | oldmanjim the Troll Hedge Wizard began the quest for the
                  | Orb.
     0 | D:1      | Reached XP level 1. HP: 16/16 MP: 2/2
   139 | D:1      | Reached skill level 1 in Unarmed Combat
   140 | D:1      | Reached XP level 2. HP: 26/26 MP: 4/4
   152 | D:1      | Reached skill level 1 in Fighting
   199 | D:1      | Found a faded altar of an unknown god.
   254 | D:1      | Prayed at the altar of an unknown god.
   254 | D:1      | Became a worshipper of Qazlal Stormbringer
   254 | D:1      | Reached * piety under Qazlal
   532 | D:2      | Reached XP level 3. HP: 29/33 MP: 5/5
   690 | D:2      | Reached skill level 2 in Unarmed Combat
   788 | D:2      | Reached ** piety under Qazlal
  1171 | D:3      | Noticed Robin
  1201 | D:3      | Reached XP level 4. HP: 32/42 MP: 6/6
  1209 | D:3      | Killed Robin
  1210 | D:3      | Reached skill level 1 in Invocations
  1322 | D:3      | Noticed Terence
  1335 | D:3      | Killed Terence
  1336 | D:3      | Reached XP level 5. HP: 32/49 MP: 7/7
  1461 | D:3      | Found a hide-covered altar of Uskayaw.
  1489 | D:3      | Reached skill level 3 in Unarmed Combat
  1591 | D:3      | Identified the +2 scale mail of Privacy {Dex+3}
  1600 | D:3      | Found a runed translucent gate.
  1600 | D:3      | Found a runed translucent gate.
  1600 | D:3      | Found a runed translucent gate.
  1600 | D:3      | Noticed spaghetti's ghost (amateur DgHu)
  1602 | D:3      | Found a basalt altar of Yredelemnul.
  1874 | D:3      | Noticed a phantom
  1892 | D:3      | Killed a phantom
  2358 | D:4      | Reached XP level 6. HP: 56/59 MP: 8/8
  2376 | D:4      | Noticed a wyvern
  2380 | D:4      | Killed a wyvern
  2467 | D:4      | Noticed Menkaure
  2481 | D:4      | Killed Menkaure
  2481 | D:4      | Reached *** piety under Qazlal
  2482 | D:4      | Reached skill level 4 in Unarmed Combat
  2482 | D:4      | Reached XP level 7. HP: 23/67 MP: 9/9
  2660 | D:4      | Found a staircase to the Ecumenical Temple.
  2758 | D:4      | Found an ornate altar of the Wu Jian Council.
  3071 | D:4      | Identified the +1 ring mail "Hec Gos" {Will+ Int+2}
  3209 | D:5      | Entered Level 5 of the Dungeon
  3381 | D:5      | Reached skill level 5 in Unarmed Combat
  3414 | D:5      | Found a sacrificial altar of Ru.
  3494 | D:5      | Reached **** piety under Qazlal
  3688 | D:5      | Reached XP level 8. HP: 49/79 MP: 10/10
  4198 | D:6      | Reached skill level 5 in Invocations
  4215 | D:6      | Reached skill level 5 in Fighting
  4215 | D:6      | Reached skill level 6 in Unarmed Combat
  4727 | D:6      | Reached skill level 7 in Unarmed Combat
  4875 | D:6      | Found a shimmering altar of Xom.
  4876 | D:6      | Found a burning altar of Makhleb.
  4990 | D:6      | Noticed Pikel
  5012 | D:6      | HP: 3/80 [Pikel/+2 whip of electrocution (14)]
  5013 | D:6      | Slain by Pikel

Illustrated notes

Levels and vault maps discovered:
D:1:      lemuel_arrival_river_bridge, layout_basic,
          shapermc_ecumenical_altar_notcrosses
D:2:      layout_rooms
D:3:      layout_loops_corners, nicolae_uskayaw_murder_on_the_dancefloor,
          nicolae_yredelemnul_ghost_church, minmay_misc_feat_rows, uniq_terence,
          uniq_robin
D:4:      corexii_shantytown, layout_basic, mainiacjoe_overflow_six_doors_small,
          minmay_temple_entry_metal_lava, hangedman_decor_growths, uniq_menkaure
D:5:      layout_basic, mainiacjoe_overflow_paths
D:6:      layout_basic, grunt_temple_overflow_champion_of_chaos,
          nicolae_overflow_hidden_temple, uniq_pikel

Skill      XL: |  1  2  3  4  5  6  7  8 |
---------------+-------------------------+-----
Unarmed Combat | 1 2 3 4 5 7 |  7.6
Fighting       | 1 2 3 4 5 |  5.0
Invocations    | 1 2 3 4 5 |  5.0
Dodging        | |  1.5
Stealth        | |  1.0
Spellcasting   | |  2.0
Conjurations   | |  0.6
Summonings     | |  0.6
Translocations | |  0.6

Action                   |  1- 3 |  4- 6 |  7- 9 || total
-------------------------+-------+-------+-------++-------
Melee: Unarmed           |   143 |   141 |   198 ||   482
       Punch             |     3 |     3 |    11 ||    17
 Fire: Hunting sling     |     5 |       |       ||     5
  Use: Scroll            |       |     2 |     7 ||     9
Armor: Robe              |    45 |    39 |    47 ||   131
Dodge: Dodged            |    74 |    47 |    66 ||   187
Block: Other             |     5 |    13 |    29 ||    47

Table legend: (Time is in decaauts)
 A = Elapsed time spent in this place.
 B = Non-inter-level travel time spent in this place.
 C = Inter-level travel time spent in this place.
 D = Time resting spent in this place.
 E = Time spent auto-exploring this place.
 F = Levels seen in this place.
 G = Mean time per level.
                   A        B        C        D        E       F      G
               +--------+--------+--------+--------+--------+-----+--------+
         Total |   4981 |   4845 |    136 |     50 |   3724 |   6 |  830.2 |
       Dungeon |   4981 |   4845 |    136 |     50 |   3724 |   6 |  830.2 |
               +--------+--------+--------+--------+--------+-----+--------+

Top non-repeatable levels by time:
     D:3: 1184 daAuts
     D:4: 999 daAuts
     D:6: 980 daAuts
     D:5: 790 daAuts
     D:1: 524 daAuts
     D:2: 502 daAuts
